 Dungeon Crawl Stone Soup version 0.31-a0-217-g58bb5d79cf (webtiles) character file.

Game seed: 4869570347428394601

26392 pokeman the Eclecticist (level 12, -17/70 HPs)
             Began as a Deep Elf Hedge Wizard on July 2, 2023.
             Was an Elder of Vehumet.
             Killed from afar by an orc sorcerer (29 damage)
             ... with a bolt of fire
             ... on level 15 of the Dungeon.
             The game lasted 00:41:06 (18195 turns).

pokeman the Eclecticist (Deep Elf Hedge Wizard)    Turns: 18195, Time: 00:41:06

Health: -17/70     AC: 12    Str: 12    XL:     12   Next: 97%
Magic:  16/36      EV: 13    Int: 25    God:    Vehumet [****..]
Gold:   988        SH:  0    Dex: 14    Spells: 30/47 levels left

rFire   . . .        N - +11 short sword of the Sun {drain, *Rage rN+ Str+5}
rCold   . . .        (no shield)
rNeg    + . .        Q - +0 steam dragon scales
rPois   +            v - +0 helmet
rElec   .            M - +1 cloak
rCorr   .            k - +0 pair of gloves
SInv    .            o - +0 pair of boots
Will    +....        (no amulet)
Stlth   ++           a - ring of poison resistance
HPRegen 0.31/turn    j - ring of flight
MPRegen 0.25/turn

%: random rage (20%)
@: flying
A: no striking features
a: Renounce Religion


You were on level 15 of the Dungeon.
You worshipped Vehumet.
Vehumet was greatly pleased with you.
You visited 2 branches of the dungeon, and saw 16 of its levels.
You also visited: Ossuary.

You collected 1114 gold pieces.
You spent 126 gold pieces at shops.

Inventory:

Hand Weapons
 K - the +4 whip "Ykhunut" {chaos, +Blink rF+ rC+ Str-2}
   (You took it off an orc wizard on level 6 of the Dungeon)

   Str:       It affects your strength (-2).
   rF:        It protects you from fire.
   rC:        It protects you from cold.
   +Blink:    It lets you blink.
 N - the +11 short sword of the Sun (weapon) {drain, *Rage rN+ Str+5}
   (You found it on level 7 of the Dungeon)

   Str:       It affects your strength (+5).
   rN:        It protects you from negative energy.
   *Rage:     It berserks you when you make melee attacks (+20% chance).
Missiles
 F - a throwing net
Armour
 k - a +0 pair of gloves (worn)
 o - a +0 pair of boots (worn)
 v - a +0 helmet (worn)
 M - a +1 cloak (worn)
 Q - +0 steam dragon scales (worn)
Jewellery
 a - a ring of poison resistance (left hand)
 j - a ring of flight (right hand)
 S - a ring of fire
Wands
 m - a wand of iceblast (5)
 u - a wand of light (16)
 O - a wand of digging (9)
 R - a wand of paralysis (7)
Scrolls
 f - 4 scrolls of teleportation
 H - 4 scrolls of revelation
 I - 2 scrolls of blinking {unknown}
 P - 3 scrolls of enchant weapon {unknown}
 V - a scroll of acquirement {unknown}
 W - 3 scrolls of amnesia {unknown}
Potions
 d - a potion of magic
 e - 11 potions of curing
 w - 2 potions of invisibility {unknown}
 z - 5 potions of heal wounds
 A - 3 potions of mutation {unknown}
 B - 2 potions of haste {unknown}
 L - a potion of brilliance {unknown}
 T - 3 potions of cancellation {unknown}
Miscellaneous
 b - a phial of floods


   Skills:
 - Level 6.0 Fighting
 + Level 5.4 Armour
 - Level 3.0 Dodging
 - Level 3.0 Stealth
 * Level 18.2 Spellcasting
 + Level 10.9 Conjurations
 - Level 2.0 Summonings
 - Level 1.0 Necromancy
 - Level 1.1 Translocations
 + Level 7.0 Fire Magic
 - Level 2.0 Air Magic
 - Level 7.0 Earth Magic
 - Level 1.0 Poison Magic
 - Level 2.0 Evocations


You had 30 spell levels left.
You knew the following spells:

 Your Spells              Type           Power      Damage    Failure   Level
a - Magic Dart            Conj           100%       1d8       0%          1
b - Mephitic Cloud        Conj/Pois/Air  46%        N/A       1%          3
c - Call Imp              Summ           64%        N/A       1%          2
d - Blink                 Tloc           56%        N/A       1%          2
e - Stone Arrow           Conj/Erth      100%       3d13      1%          3
f - Plasma Beam           Fire/Air       22%        2x1d34    13%         6

Your spell library contained the following spells:

 Spells                   Type           Power      Damage    Failure   Level
 Dazzling Flash           Conj/Hex       100%       N/A       1%          3
 Sandblast                Erth           100%       2d20      1%          1
 Cigotuvi's Dreadful Rot  Necr/Pois/Air  58%        N/A       1%          2
 Lesser Beckoning         Tloc           56%        N/A       1%          2
 Momentum Strike          Conj/Tloc      100%       3d10      1%          2
 Passwall                 Tmut/Erth      33%        N/A       1%          2
 Arcjolt                  Conj/Air       26%        1d36      1%          5
 Slow                     Hex            88%        N/A       2%          1
 Vhi's Electric Charge    Tloc/Air       60%        N/A       3%          3
 Portal Projectile        Hex/Tloc       50%        N/A       4%          3
 Tukima's Dance           Hex            22%        N/A       6%          3
 Blade Hands              Tmut           11%        N/A       52%         5


Dungeon Overview and Level Annotations

Branches:
Dungeon (15/15)            Temple (1/1) D:4            Lair (0/5) D:9
    Orc (0/2) D:11         Vaults (0/5) D:14        Ossuary (visited)
 Depths: D:15

Altars:
Ashenzari
Cheibriados
Dithmenos
Elyvilon
Fedhas
Gozag
Hepliaklqana
Kikubaaqudgha
Makhleb
Nemelex Xobeh
Okawaru
Qazlal
Ru
Sif Muna
Trog
Uskayaw
Vehumet
Wu Jian
Xom
Yredelemnul
Zin
The Shining One

Shops:
D:4 (   D:5 :   D:10 *   D:11 [

Annotations:
D:8 1 runed translucent door, innerfire43's ghost, novice DsMo
D:9 3 runed translucent doors, MrSquiggles's ghost, journeyman HuWn; innerfire43's ghost, novice DsMo


Message History

Unknown command.
Press: ? - help, v - describe, . - travel
Here: a tengu warrior, wielding a +0 arbalest and wearing a +0 leather armour (noxious fumes)
The floor.
Unknown command.
Unknown command.
Casting: Mephitic Cloud (safe; 1% risk of failure)
Confirm with . or Enter, or press ? or * to list all spells.
The spell is quite dangerous to miscast (13% risk of failure)!
Continue anyway?
Casting: Plasma Beam (quite dangerous; 13% risk of failure)
Press: ? - help, Dir - look around, f - activate The bolt of lightning hits the necromancer!
The necromancer is heavily wounded.
The bolt of lightning misses the tengu conjurer.
The fiery plasma misses the necromancer.
The fiery plasma hits the tengu conjurer!!
You kill the tengu conjurer!
Vehumet accepts your kill.
You hear a shout! x2
An orc sorcerer comes into view.
It is wielding a +1 dagger of electrocution.
The tengu warrior is engulfed in noxious fumes.
The tengu warrior shoots a bolt.
The bolt hits you!!
Unknown command.
Casting: Plasma Beam (quite dangerous; 13% risk of failure)
Confirm with . or Enter, or press ? or * to list all spells.
The spell is quite dangerous to miscast (13% risk of failure)!
Continue anyway?
Casting: Plasma Beam (quite dangerous; 13% risk of failure)
Press: ? - help, Dir - look around, f - activate The bolt of lightning misses the tengu warrior.
The fiery plasma hits the tengu warrior!!
The tengu warrior is moderately wounded.
You hear a shout! x2
The tengu warrior is engulfed in noxious fumes.
The tengu warrior shoots a bolt.
The bolt hits you!
* * * LOW HITPOINT WARNING * * *
Unknown command.
The necromancer hits itself with a +0 dagger.
The orc sorcerer casts a spell at you. The bolt of fire hits you!!
You die...

.... ..
.#...# .
..... .#
.##... #.
...... #.
...... .#
#...
######.#
#...
#....@.#
#.##
#.##.p.# ..
#..... ....
○°...o..
##.##
.°.○.○...#
#. #
#..○○☼.Q○...
# #
#.....#○....
.
#...........


You could see a tengu warrior, a necromancer (confused) and an orc sorcerer.

Vanquished Creatures
  An ogre mage (D:14)
  2 centaur warriors
  A death knight (D:13)
  3 boulder beetles
  4 two-headed ogres
  7 skeletal warriors (D:14)
  An ugly thing (D:13)
  A deep elf pyromancer (D:13)
  4 cyclopes
  3 manticores
  Maurice (D:10)
  A gargoyle (D:13)
  An unseen horror (D:11)
  A komodo dragon (D:12)
  A tengu conjurer (D:15)
  An efreet (D:14)
  2 trolls
  A hornet (D:8)
  16 slime creatures
  Sigmund (D:2)
  A wraith (D:11)
  2 wyverns (D:9)
  7 yaks
  2 steam dragons
  9 vampire mosquitoes
  An acid dragon (D:12)
  3 black bears (D:6)
  An ice beast (D:6)
  2 sky beasts (D:6)
  3 orc warriors
  2 ogres
  2 centaurs (D:6)
  A phantom (D:6)
  An elf zombie (Ossuary)
  3 kobold brigands
  2 gnoll sergeants
  4 bullfrogs
  2 elf skeletons (D:4)
  5 scorpions
  6 wights
  2 jellies
  19 killer bees
  5 howler monkeys
  3 centaur zombies (Ossuary)
  A human zombie (D:4)
  3 hounds
  5 orc priests
  Ijyb (D:3)
  Terence (D:3)
  4 iguanas
  5 sleepcaps
  3 orc wizards (D:6)
  2 ogre zombies (Ossuary)
  7 mummies (Ossuary)
  12 gnolls
  7 adders
  A white imp (D:6)
  3 adder zombies (Ossuary)
  3 worms
  3 dart slugs
  39 orcs
  7 endoplasms
  4 giant cockroaches
  2 gnoll zombies (Ossuary)
  5 goblins
  6 hobgoblins
  2 quokkas
  6 ball pythons
  7 bats
  2 frilled lizards (D:1)
  A giant cockroach zombie (D:3)
  4 goblin zombies (Ossuary)
  4 hobgoblin zombies (Ossuary)
  18 kobolds
  7 kobold zombies (Ossuary)
  2 orc zombies (D:4)
  2 quokka zombies (Ossuary)
  8 rats
  2 rat zombies (Ossuary)
330 creatures vanquished.

Vanquished Creatures (collateral kills)
  A human skeleton (D:4)
1 creature vanquished.

Grand Total: 331 creatures vanquished

Notes
Turn   | Place    | Note
-------+----------+-------------------------------------------
     0 | D:1      | pokeman the Deep Elf Hedge Wizard began the quest for the
                  | Orb.
     0 | D:1      | Reached XP level 1. HP: 10/10 MP: 7/7
   225 | D:1      | Reached XP level 2. HP: 16/16 MP: 3/9
   808 | D:1      | Reached skill level 5 in Spellcasting
  1185 | D:2      | Reached XP level 3. HP: 20/20 MP: 7/11
  1189 | D:2      | Learned a level 3 spell: Mephitic Cloud
  1192 | D:2      | Learned a level 2 spell: Call Imp
  1195 | D:2      | Learned a level 2 spell: Blink
  1474 | D:2      | Noticed Sigmund
  1499 | D:2      | Killed Sigmund
  1500 | D:2      | Reached skill level 1 in Fighting
  1500 | D:2      | Reached skill level 1 in Armour
  1500 | D:2      | Reached skill level 6 in Spellcasting
  1500 | D:2      | Reached XP level 4. HP: 25/25 MP: 8/14
  1500 | D:2      | Reached XP level 5. HP: 29/29 MP: 8/15
  2290 | D:3      | Noticed Terence
  2308 | D:3      | Killed Terence
  2468 | D:3      | Noticed Ijyb
  2489 | D:3      | Killed Ijyb
  2490 | D:3      | Reached XP level 6. HP: 23/34 MP: 5/17
  3220 | D:4      | Reached skill level 7 in Spellcasting
  3486 | D:4      | Found a sand-covered staircase.
  3492 | Ossuary  | Entered an ossuary
  3499 | Ossuary  | Reached skill level 1 in Poison Magic
  3560 | Ossuary  | Reached skill level 1 in Air Magic
  3594 | Ossuary  | Reached skill level 1 in Evocations
  3887 | Ossuary  | Reached XP level 7. HP: 12/38 MP: 0/20
  4493 | Ossuary  | Reached skill level 8 in Spellcasting
  5509 | D:4      | Found Opuih's Weapon Emporium.
  5600 | D:4      | Found a staircase to the Ecumenical Temple.
  5610 | Temple   | Entered the Ecumenical Temple
  5615 | Temple   | Learned a level 3 spell: Stone Arrow
  5867 | Temple   | Became a worshipper of Vehumet
  6005 | D:5      | Entered Level 5 of the Dungeon
  6167 | D:5      | Found an iron altar of Okawaru.
  6279 | D:5      | Reached XP level 8. HP: 44/44 MP: 12/22
  6396 | D:5      | Reached skill level 9 in Spellcasting
  6649 | D:5      | Reached skill level 1 in Earth Magic
  6733 | D:5      | Found Woned's Vocational Training.
  7146 | D:6      | Reached skill level 5 in Conjurations
  7408 | D:6      | Reached skill level 10 in Spellcasting
  7715 | D:6      | Found a shadowy altar of Dithmenos.
  7738 | D:6      | Reached * piety under Vehumet
  7738 | D:6      | Offered knowledge of Freeze by Vehumet.
  7739 | D:6      | Reached XP level 9. HP: 44/49 MP: 1/25
  8110 | D:6      | Identified the +4 whip "Ykhunut" {chaos, +Blink rF+ rC+
                  | Str-2}
  8124 | D:6      | Reached skill level 11 in Spellcasting
  8644 | D:7      | Reached skill level 12 in Spellcasting
  8843 | D:7      | Reached ** piety under Vehumet
  8877 | D:7      | Offered knowledge of Searing Ray by Vehumet.
  8878 | D:7      | Reached skill level 5 in Earth Magic
  9373 | D:7      | Identified the +11 short sword of the Sun {drain, *Rage rN+
                  | Str+5}
  9494 | D:8      | Found an ornate altar of the Wu Jian Council.
  9571 | D:8      | Noticed a troll
  9575 | D:8      | Reached XP level 10. HP: 41/56 MP: 17/28
  9759 | D:8      | Found a runed translucent door.
  9763 | D:8      | Noticed innerfire43's ghost (novice DsMo)
  9764 | D:8      | Identified the +1 spear "Jellybane" {flame, rC- Str+5
                  | Int+4}
 10186 | D:9      | Found a staircase to the Lair.
 10241 | D:9      | Reached skill level 13 in Spellcasting
 10245 | D:9      | Offered knowledge of Hailstorm by Vehumet.
 10471 | D:9      | Reached *** piety under Vehumet
 10534 | D:9      | You are sucked into a shaft and drop 3 floors!
 10579 | D:11     | Found Navve's Antique Armour Emporium.
 10660 | D:10     | Entered Level 10 of the Dungeon
 10735 | D:10     | Noticed Maurice
 10779 | D:10     | Killed Maurice
 10780 | D:10     | Reached skill level 14 in Spellcasting
 10976 | D:10     | Offered knowledge of Flame Wave by Vehumet.
 11141 | D:10     | Found Xaiprawku's General Store.
 11149 | D:10     | Bought a potion of heal wounds for 70 gold pieces
 11149 | D:10     | Bought a scroll of identify for 28 gold pieces
 11149 | D:10     | Bought a scroll of identify for 28 gold pieces
 11223 | D:10     | Learned a level 6 spell: Plasma Beam
 11343 | D:9      | Found a runed translucent gate.
 11345 | D:9      | Found a runed translucent gate.
 11345 | D:9      | Found a runed translucent gate.
 11347 | D:9      | Noticed innerfire43's ghost (novice DsMo)
 11347 | D:9      | Noticed MrSquiggles's ghost (journeyman HuWn)
 11957 | D:11     | Reached XP level 11. HP: 61/61 MP: 22/31
 12112 | D:11     | Reached skill level 1 in Necromancy
 12112 | D:11     | Reached skill level 1 in Fire Magic
 12383 | D:11     | Found a staircase to the Orcish Mines.
 12421 | D:11     | Found a transporter.
 12849 | D:12     | Noticed a centaur warrior
 12857 | D:12     | Killed a centaur warrior
 12858 | D:12     | Reached skill level 15 in Spellcasting
 13083 | D:12     | Reached skill level 5 in Armour
 13359 | D:12     | Noticed a two-headed ogre
 13365 | D:12     | Killed a two-headed ogre
 13389 | D:12     | Reached **** piety under Vehumet
 13790 | D:12     | Offered knowledge of Dazzling Flash by Vehumet.
 14201 | D:13     | Noticed a death knight
 14208 | D:13     | Killed a death knight
 14209 | D:13     | Reached skill level 16 in Spellcasting
 14305 | D:13     | Noticed a cyan ugly thing
 14324 | D:13     | Killed a cyan ugly thing
 14423 | D:13     | Noticed a deep elf pyromancer
 14428 | D:13     | Killed a deep elf pyromancer
 14539 | D:13     | Noticed a boulder beetle
 14566 | D:13     | Killed a boulder beetle
 14644 | D:13     | Reached skill level 5 in Fighting
 14652 | D:13     | Reached XP level 12. HP: 67/68 MP: 21/34
 14966 | D:13     | Reached skill level 5 in Fire Magic
 15177 | D:13     | Noticed a boulder beetle
 15189 | D:13     | Killed a boulder beetle
 15196 | D:13     | Noticed a centaur warrior
 15206 | D:13     | Killed a centaur warrior
 15207 | D:13     | Reached skill level 10 in Conjurations
 15756 | D:14     | Noticed a two-headed ogre
 15757 | D:14     | Noticed a two-headed ogre
 15761 | D:14     | Noticed an ogre mage
 15763 | D:14     | Killed a two-headed ogre
 15766 | D:14     | Killed a two-headed ogre
 15767 | D:14     | Reached skill level 17 in Spellcasting
 15771 | D:14     | Killed an ogre mage
 15869 | D:14     | Found a gate to the Vaults.
 15928 | D:14     | Found a shimmering altar of Xom.
 15959 | D:14     | Found a shimmering altar of Xom.
 16280 | D:14     | Noticed a boulder beetle
 16289 | D:14     | Killed a boulder beetle
 16415 | D:14     | Noticed a two-headed ogre
 16421 | D:14     | Killed a two-headed ogre
 17162 | D:14     | Reached skill level 18 in Spellcasting
 17319 | D:14     | Found an iron altar of Okawaru.
 18095 | D:15     | Entered Level 15 of the Dungeon
 18113 | D:15     | Noticed a tengu warrior
 18189 | D:15     | Noticed a tengu warrior
 18195 | D:15     | Killed from afar by an orc sorcerer

Illustrated notes

Levels and vault maps discovered:
D:1:      dpeg_arrival_shelter, layout_loops_ring
D:2:      layout_basic, st_stairs_13, uniq_sigmund
D:3:      layout_loops_ring, serial_undead, serial_undead_e, serial_undead_a,
          serial_undead_d, serial_undead_c, serial_undead_f, uniq_terence,
          uniq_ijyb
D:4:      layout_loops_ring, minmay_temple_entry_offerings,
          nicolae_ossuary_entry_catacombs, serial_shops,
          nicolae_shop_real_fake_doors
D:5:      layout_basic, mainiacjoe_overflow_small_starburst,
          nicolae_shop_vocational
D:6:      minmay_clustersquares, layout_basic,
          mainiacjoe_overflow_surrounded_room, due_unseen_surprise
D:7:      layout_cave_pools, hangedman_decor_growths
D:8:      layout_rooms, kennysheep_little_box, ebering_ghost_funeral_grove,
          nrook_loot_triangle
D:9:      layout_roguey, dpeg_oklobed_lair, gammafunk_ghost_cemetery,
          evilmike_butchery
D:10:     layout_cave_pools, serial_shops, shop, uniq_maurice
D:11:     nicolae_cairo_tiling, layout_basic, orc_0_dummy, serial_shops,
          nicolae_shop_competitors_out_of_business, nicolae_diode_basic
D:12:     layout_long_grid
D:13:     layout_loops_corners
D:14:     layout_irregular_city, david_vaults_2, xom_redecorated,
          okawaru_metal_pillars_1_2
D:15:     hangedman_depths_entry_civil_slaughter, layout_basic,
          gammafunk_ghost_door_vault, ebering_dispersal_statue_hall,
          chequers_garden, st_stairs_1, eino_small_chamber_without_monster,
          minmay_checkerbox
Temple:   compressed_dpeg_triangle_lava_temple

Skill      XL: |  1  2  3  4  5  6  7  8  9 10 11 12 |
---------------+-------------------------------------+-----
Spellcasting   | 5 6 7 8 10 12 14 16 18 | 18.2
Fighting       | 1 2 3 4 5 6 |  6.0
Armour         | 1 2 3 4 5 |  5.4
Conjurations   | 2 3 4 5 7 8 9 10 | 10.9
Dodging        | 3 |  3.0
Stealth        | 3 |  3.0
Poison Magic   | 1 |  1.0
Air Magic      | 1 2 |  2.0
Evocations     | 1 2 |  2.0
Summonings     | 2 |  2.0
Earth Magic    | 3 5 6 7 |  7.0
Necromancy     | 1 |  1.0
Fire Magic     | 4 7 |  7.0
Translocations | |  1.1

Action                     |  1- 3 |  4- 6 |  7- 9 | 10-12 || total
---------------------------+-------+-------+-------+-------++-------
  Melee: Whip              |     9 |    54 |    74 |       ||   137
         Punch             |       |     1 |       |       ||     1
         Short sword       |       |       |    23 |    98 ||   121
   Cast: Magic Dart        |    70 |   182 |   242 |    30 ||   524
         Mephitic Cloud    |     1 |     4 |    29 |    52 ||    86
         Call Imp          |       |     3 |     1 |     2 ||     6
         Stone Arrow       |       |       |    69 |   240 ||   309
         Blink             |       |       |     1 |     4 ||     5
         Plasma Beam       |       |       |       |     2 ||     2
  Evoke: Wand              |       |       |       |     5 ||     5
    Use: Scroll            |       |       |       |    15 ||    15
   Stab: Confused          |     3 |     9 |    12 |    12 ||    36
 Armour: Robe              |     3 |    27 |    47 |     1 ||    78
         Steam dragon scal |       |       |       |    44 ||    44
  Dodge: Dodged            |     6 |    71 |   119 |    84 ||   280

Table legend: (Time is in decaauts)
 A = Elapsed time spent in this place.
 B = Non-inter-level travel time spent in this place.
 C = Inter-level travel time spent in this place.
 D = Time resting spent in this place.
 E = Time spent auto-exploring this place.
 F = Levels seen in this place.
 G = Mean time per level.
                   A        B        C        D        E       F      G
               +--------+--------+--------+--------+--------+-----+--------+
         Total |  18338 |  17435 |    903 |    842 |  13844 |  17 | 1078.7 |
       Dungeon |  16460 |  15574 |    886 |    835 |  12350 |  15 | 1097.3 |
        Temple |    302 |    285 |     17 |      0 |    235 |   1 |  302.0 |
       Ossuary |   1574 |   1574 |      0 |      7 |   1259 |   1 | 1574.0 |
               +--------+--------+--------+--------+--------+-----+--------+

Top non-repeatable levels by time:
    D:14: 2061 daAuts
     D:6: 1924 daAuts
 Ossuary: 1574 daAuts
    D:13: 1535 daAuts
    D:12: 1509 daAuts
     D:2: 1279 daAuts
     D:4: 1131 daAuts
    D:11: 1048 daAuts
     D:1: 1010 daAuts
     D:5: 978 daAuts
    D:10: 940 daAuts
     D:3: 802 daAuts
     D:7: 792 daAuts
     D:9: 762 daAuts
     D:8: 652 daAuts
